 Dungeon Crawl Stone Soup version 0.19-a0-1457-g32fba05 (webtiles) character file.

73260 esc the Champion of Chaos (level 15, 17/139 HPs)
             Began as a Deep Dwarf Hunter on Sept 6, 2016.
             Was the Champion of Makhleb.
             Quit the game on level 11 of the Dungeon.
             The game lasted 01:44:53 (18256 turns).

esc the Champion of Chaos (Deep Dwarf Hunter)      Turns: 18256, Time: 01:44:54

Health: 17/139     AC: 13    Str: 15    XL:     15   Next: 3%
Magic:  17/17      EV: 24    Int: 22    God:    Makhleb [******]
Gold:   941        SH:  0    Dex: 17    Spells: 2 memorised, 13 levels left

rFire  . . .     SeeInvis +     H - +2 broad axe
rCold  . . .     Gourm    .     U - +1 ring mail {rPois}
rNeg   + . .     Faith    +     (no shield)
rPois  +         Spirit   .     i - +0 helmet "Curianat" {MP-9 Int+7}
rElec  .         Dismiss  .     (no cloak)
rCorr  .         Reflect  .     (no gloves)
MR     ++...     Harm     .     G - +2 pair of boots {Fly}
Stlth  ++........               t - amulet of faith {Faith, !P}
                                E - +5 ring of evasion
                                W - ring of see invisible {sInv, !d}

@: flying, non-regenerating, repel missiles
A: damage resistance, recharge devices, yellow scales 1, negative energy
resistance 1, sense surroundings 2, slow regeneration 3
a: Device Recharging, Minor Destruction, Lesser Servant of Makhleb, Major
Destruction, Greater Servant of Makhleb, Renounce Religion, Stop Flying


You were on level 11 of the Dungeon.
You worshipped Makhleb.
Makhleb was exalted by your worship.
You were not hungry.

You visited 4 branches of the dungeon, and saw 20 of its levels.
You also visited: Labyrinth.

You collected 1363 gold pieces.
You spent 422 gold pieces at shops.

Inventory:

Hand Weapons
 a - a +4 arbalest of flaming
   (You found it on level 6 of the Dungeon)
 b - the +1 war axe of Undoing {drain, rF- rC++ Str+2}
   (You found it on level 1 of the Lair of Beasts)

   A truly terrible weapon, it drains the life of those it strikes.
   It affects your strength (+2).
   It makes you vulnerable to fire.
   It greatly protects you from cold.
 d - the +8 lance "Wyrmbane" {slay drac, rPois rF+ rC+ AC+3}
   (You found it on level 12 of the Dungeon)

   It affects your AC (+3).
   It protects you from fire.
   It protects you from cold.
   It protects you from poison.
 H - a +2 broad axe (weapon)
   (You took it off a death knight on level 12 of the Dungeon)
 N - a +0 blowgun
   (You found it on level 5 of the Lair of Beasts)
Missiles
 g - 20 tomahawks (quivered)
 h - 8 tomahawks of returning
 w - 3 throwing nets {=f, !d}
 y - 87 poisoned needles
Armour
 i - the +0 helmet "Curianat" (worn) {MP-9 Int+7}
   (You bought it in a shop on level 8 of the Dungeon)

   It affects your intelligence (+7).
   It affects your magic capacity (-9).
 G - a +2 pair of boots of flying (worn)
   (You found it on level 1 of the Lair of Beasts)
 U - a +1 ring mail of poison resistance (worn)
   (You found it in a labyrinth)
Jewellery
 c - a +2 ring of evasion
   (You found it on level 8 of the Dungeon)
 n - an uncursed ring of ice {rC+, rF-}
   (You bought it in a shop on level 8 of the Dungeon)
 s - an uncursed ring of poison resistance {rPois, !d}
   (You found it on level 2 of the Dungeon)
 t - an amulet of faith (around neck) {Faith, !P}
   (You found it on level 4 of the Lair of Beasts)
 E - a +5 ring of evasion (right hand)
   (You found it on level 6 of the Dungeon)
 K - an uncursed amulet of rage {+Rage, !d}
   (You found it on level 9 of the Dungeon)
 W - a ring of see invisible (left hand) {sInv, !d}
   (You found it on level 11 of the Dungeon)
Wands
 e - a wand of heal wounds (0/9)
 k - a wand of acid (0/15)
   (You found it on level 11 of the Dungeon)
 A - a wand of disintegration (9/24)
   (You found it in a labyrinth)
 I - a wand of enslavement (4/24)
   (You found it on level 4 of the Lair of Beasts)
 M - a wand of confusion (19/48)
   (You took it off an orc on level 11 of the Dungeon)
 S - a wand of slowing (21/48)
   (You took it off an orc on level 11 of the Dungeon)
 T - a wand of polymorph (4/24)
   (You found it in a labyrinth)
Scrolls
 x - 2 scrolls of enchant armour
 z - a scroll of fog
 C - 2 scrolls of magic mapping {!r}
 L - 2 scrolls of identify
 O - 12 scrolls of remove curse
 Q - 5 scrolls of teleportation
 V - a scroll of amnesia
Potions
 j - 2 potions of agility
 o - 2 potions of might
 p - a potion of berserk rage {!q}
 q - 2 potions of invisibility
 r - a potion of cure mutation {unknown}
 u - 3 potions of resistance
 v - 4 potions of curing
 D - 3 potions of cancellation
 F - 2 potions of haste
 P - a potion of lignification {!q}
Miscellaneous
 J - a phial of floods
   (You found it in a labyrinth)
Comestibles
 f - 13 bread rations {@e1}
 l - 8 fruits
 m - 13 slices of pizza
 B - 2 chunks of flesh {@w0}
 R - 5 meat rations {@e2}


   Skills:
 - Level 10.3 Fighting
 - Level 7.2 Axes
 - Level 13.7 Crossbows
 - Level 6.2 Armour
 - Level 12.0 Dodging
 - Level 4.5 Stealth
 - Level 2.3 Spellcasting
 - Level 2.7 Charms
 - Level 2.1 Air Magic
 + Level 16.4 Invocations


You had 13 spell levels left.
You knew the following spells:

 Your Spells              Type           Power        Failure   Level  Hunger
d - Repel Missiles        Chrm/Air       ##....       14%         2    ##.....
z - Spectral Weapon       Hex/Chrm       #.......     50%         3    ###....


Dungeon Overview and Level Annotations

Branches:
Dungeon (12/15)            Temple (1/1) D:5            Lair (6/6) D:10
 Shoals (0/4) Lair:3        Snake (0/4) Lair:4        Slime (0/5) Lair:6
    Orc (1/2) D:11

Altars:
Ashenzari
Cheibriados
Dithmenos
Elyvilon
Fedhas
Gozag
Hepliaklqana
Kikubaaqudgha
Makhleb
Nemelex Xobeh
Okawaru
Ru
Sif Muna
Trog
Uskayaw
Vehumet
Xom
Zin
The Shining One
Jiyva

Shops:
D:4 =   D:8 [:**[


Innate Abilities, Weirdness & Mutations

You are resistant to damage.
You can recharge devices by infusing magical energy.
You resist negative energy. (rN+)
You passively map the area around you.
You do not regenerate.
You are partially covered in yellow scales. (AC +2)


Message History

You fly upwards.
The skeletal warrior completely misses you.
There is a stone staircase leading down here.
You feel much better.
This wand has 2 charges left.
The skeletal warrior closely misses you.
You regained 21 hp, and now have 33/139 hp.
You are too injured to fight recklessly!
You are too injured to fight recklessly!
You hit the skeletal warrior.
The skeletal warrior closely misses you.
You barely miss the skeletal warrior. The skeletal warrior barely misses you.
You closely miss the skeletal warrior. The skeletal warrior misses you.
You hit the skeletal warrior but do no damage.
The skeletal warrior closely misses you.
You slash the skeletal warrior!
The skeletal warrior closely misses you.
You closely miss the skeletal warrior.
The skeletal warrior hits you with a long sword!
* * * LOW HITPOINT WARNING * * *
You take 6 damage, and have 27/139 hp.
You hit the skeletal warrior. The skeletal warrior barely misses you.
You hit the skeletal warrior.
The skeletal warrior hits you but does no damage.
You hit the skeletal warrior but do no damage.
The skeletal warrior completely misses you.
You hit the skeletal warrior but do no damage.
The skeletal warrior hits you with a long sword!
* * * LOW HITPOINT WARNING * * *
You take 8 damage, and have 19/139 hp.
You feel much better.
This wand has 1 charge left.
The skeletal warrior barely misses you.
You regained 20 hp, and now have 39/139 hp.
You hit the skeletal warrior but do no damage.
The skeletal warrior hits you with a long sword!
* * * LOW HITPOINT WARNING * * *
You take 9 damage, and have 30/139 hp.
You slash the skeletal warrior!
The skeletal warrior completely misses you.
You closely miss the skeletal warrior. The skeletal warrior barely misses you.
You hit the skeletal warrior but do no damage.
The skeletal warrior closely misses you.
The skeletal warrior hits you with a long sword!
* * * LOW HITPOINT WARNING * * *
A worker ant comes into view.
You take 9 damage, and have 21/139 hp.
The worker ant twitches its antennae in your direction.
You slash the skeletal warrior!
The skeletal warrior closely misses you.
You feel much better.
This wand has 0 charges left.
You regained 33 hp, and now have 54/139 hp.
You barely miss the skeletal warrior. The skeletal warrior barely misses you.
Your ring mail prevents you from hitting the skeletal warrior.
The skeletal warrior hits you with a long sword!
You take 5 damage, and have 49/139 hp.
You slash the skeletal warrior! You completely miss the worker ant.
The skeletal warrior hits you with a long sword!
* * * LOW HITPOINT WARNING * * *
The worker ant barely misses you. The worker ant misses you.
You take 11 damage, and have 38/139 hp.
You slash the worker ant! You hit the skeletal warrior.
The skeletal warrior hits you with a long sword.
The worker ant closely misses you.
You hit the worker ant but do no damage.
You completely miss the skeletal warrior.
The skeletal warrior hits you but does no damage.
The worker ant bites you but does no damage.
The worker ant completely misses you.
The skeletal warrior hits you with a long sword!
* * * LOW HITPOINT WARNING * * *
You take 12 damage, and have 26/139 hp.
You hit the worker ant but do no damage.
You hit the skeletal warrior but do no damage.
The worker ant bites you but does no damage.
The skeletal warrior completely misses you.
You closely miss the worker ant. You barely miss the skeletal warrior.
The worker ant barely misses you. The skeletal warrior barely misses you.
You hit the worker ant. You hit the skeletal warrior.
The worker ant closely misses you. The worker ant bites you.
The skeletal warrior completely misses you.
You hit the worker ant.
You kill the worker ant!
Makhleb accepts your kill.
You feel better.
You hit the skeletal warrior.
The skeletal warrior completely misses you.
You regained 4 hp, and now have 30/139 hp.
You hit the skeletal warrior.
The skeletal warrior hits you but does no damage.
You completely miss the skeletal warrior.
The skeletal warrior hits you but does no damage.
You hit the skeletal warrior. The skeletal warrior misses you.
You hit the skeletal warrior but do no damage.
The skeletal warrior hits you with a long sword!
* * * LOW HITPOINT WARNING * * *
You take 13 damage, and have 17/139 hp.
You hit the skeletal warrior but do no damage.
The skeletal warrior hits you but does no damage.
You completely miss the skeletal warrior.
The skeletal warrior closely misses you.
You hit the skeletal warrior but do no damage.
The skeletal warrior misses you.

#.....z....## ### ##........##
##.....### # ##....# # ##...###
####......## .........z.##
............#########
..##............@...#
..###........)..z...## ###
..###................# #.##
...###...#####....<..# #..#
...###...##........#.########.##
.....................).........#
#.............#####..########.##
##...........## #..# #.#
#...........## ##.)# #.#


You could see a skeletal warrior.

Vanquished Creatures
  A minotaur (Lab)
  6 hydras
  Erica (Orc:1)
  A death knight (D:12)
  Nergalle (Lair:3)
  A sun demon (Lair:6)
  A wizard (Lair:6)
  2 griffons
  An orc sorcerer (Orc:1)
  An ugly thing (D:12)
  2 deep elf magi (D:11)
  10 oklob plants
  A centaur zombie (D:11)
  3 elephants
  4 black mambas
  2 gargoyles
  14 spiny frogs
  10 komodo dragons
  5 rime drakes
  2 trolls
  A merfolk (Lair:3)
  3 two-headed ogres
  3 blink frogs (Lair:2)
  2 redbacks (Lab)
  2 shadows (Lab)
  6 basilisks
  A hog (D:9)
  4 wyverns
  A hungry ghost (D:11)
  A wraith (D:12)
  60 yaks
  A steam dragon (D:9)
  9 hippogriffs
  A vampire mosquito (D:12)
  A warg (Orc:1)
  A mottled dragon (D:11)
  A hell hound (shapeshifter) (D:12)
  13 water moccasins
  8 porcupines
  6 sky beasts
  4 orc warriors (D:11)
  An eye of draining (D:12)
  A swamp drake (D:11)
  4 ice beasts
  A phantom (D:12)
  A black bear (D:10)
  2 wasps (D:11)
  8 ogres
  2 necrophages
  6 wolves (Lair:4)
  6 centaurs
  21 crocodiles
  3 big kobolds
  14 giant frogs
  2 gnoll sergeants (D:7)
  A wyvern skeleton (D:8)
  5 scorpions
  9 killer bees
  20 wights
  An electric eel (Lair:5)
  A troll skeleton (Lab)
  8 crimson imps
  3 howler monkeys
  2 giant frog zombies
  9 hounds
  A quasit (D:9)
  An iron imp (D:11)
  4 jellies
  2 orc priests (Orc:1)
  7 orc wizards
  2 giant frog skeletons
  7 iguanas
  12 worker ants
  A mummy (D:5)
  A worker ant zombie (D:8)
  11 gnolls
  15 adders
  2 howler monkey skeletons
  18 river rats
  7 shadow imps
  A white imp (D:11)
  An adder zombie (D:8)
  2 adder skeletons
  3 worms (D:3)
  A dart slug (D:3)
  2 giant geckos
  31 orcs
  5 giant cockroaches
  2 goblins
  8 hobgoblins
  7 jackals
  22 kobolds
  6 quokkas
  11 bats
  7 giant newts
  A jackal zombie (D:7)
  2 rats (D:1)
  A plant (Lair:1)
533 creatures vanquished.

Vanquished Creatures (collateral kills)
  3 hydras
  An orc knight (Orc:1)
  A komodo dragon (Lair:3)
  2 trolls (Orc:1)
  2 hogs (D:9)
  5 yaks
  A human (D:9)
  2 orc warriors (Orc:1)
  A black bear (Lair:1)
  A crocodile (Lair:4)
  2 orc priests (Orc:1)
  3 orcs (D:11)
24 creatures vanquished.

Vanquished Creatures (others)
  A worker ant (D:9)
  2 fungi
3 creatures vanquished.

Grand Total: 560 creatures vanquished

Notes
Turn   | Place    | Note
-------+----------+-------------------------------------------
     0 | D:1      | esc the Deep Dwarf Hunter began the quest for the Orb.
     0 | D:1      | Reached XP level 1. HP: 19/19 MP: 1/1
    57 | D:1      | Reached skill level 2 in Fighting
   111 | D:1      | Reached XP level 2. HP: 23/26 MP: 2/2
   819 | D:2      | Reached skill level 2 in Stealth
   819 | D:2      | Reached XP level 3. HP: 26/32 MP: 3/3
   843 | D:2      | Found a white marble altar of Elyvilon.
  1180 | D:3      | Reached skill level 5 in Crossbows
  1290 | D:3      | Reached XP level 4. HP: 32/40 MP: 4/4
  1410 | D:3      | Found a shimmering altar of Xom.
  1410 | D:3      | Found a shimmering altar of Xom.
  1411 | D:3      | Found a shimmering altar of Xom.
  1412 | D:3      | Found a shimmering altar of Xom.
  1412 | D:3      | Found a shimmering altar of Xom.
  1441 | D:3      | Found a shimmering altar of Xom.
  1441 | D:3      | Found a shimmering altar of Xom.
  1668 | D:3      | Reached skill level 3 in Dodging
  1833 | D:4      | You fall through a shaft for 2 floors!
  1865 | D:5      | Entered Level 5 of the Dungeon
  1926 | D:5      | Reached skill level 3 in Stealth
  1926 | D:5      | Reached XP level 5. HP: 24/48 MP: 5/5
  1949 | D:5      | Reached skill level 3 in Fighting
  2030 | D:5      | Noticed an ogre
  2144 | D:4      | Reached skill level 4 in Stealth
  2144 | D:4      | Reached XP level 6. HP: 36/56 MP: 6/6
  2151 | D:4      | Found Napnueq's Jewellery Boutique.
  2185 | D:4      | Found a hazy altar of Hepliaklqana.
  2350 | D:3      | Reached skill level 4 in Dodging
  2504 | D:4      | Reached skill level 6 in Crossbows
  2621 | D:5      | Found a shattered altar of Ashenzari.
  2632 | D:5      | Found a staircase to the Ecumenical Temple.
  2645 | Temple   | Entered the Ecumenical Temple
  2655 | Temple   | Became a worshipper of Makhleb the Destroyer
  2708 | D:5      | Found an opulent altar of Gozag.
  2868 | D:5      | Reached skill level 1 in Invocations
  2868 | D:5      | Reached XP level 7. HP: 45/63 MP: 7/7
  2944 | D:5      | Found a sparkling altar of Nemelex Xobeh.
  2945 | D:5      | Found a bloodstained altar of Trog.
  3066 | D:5      | Reached skill level 4 in Fighting
  3233 | D:6      | Reached skill level 2 in Invocations
  3358 | D:6      | Reached skill level 5 in Dodging
  3427 | D:6      | Reached skill level 3 in Invocations
  3465 | D:6      | Reached XP level 8. HP: 66/73 MP: 10/10
  3568 | D:6      | Reached skill level 7 in Crossbows
  3786 | D:6      | Reached skill level 4 in Invocations
  3946 | D:6      | Found an ancient bone altar of Kikubaaqudgha.
  4042 | D:6      | Reached skill level 5 in Fighting
  4186 | D:7      | Reached * piety under Makhleb
  4198 | D:7      | Got a transparent lapis lazuli ring
  4200 | D:7      | Identified the ring of Xaegak {Fire Dex+2} (You found it on level 7 of the Dungeon)
  4234 | D:7      | Found a shadowy altar of Dithmenos.
  4236 | D:7      | Got a dazzling long sword
  4239 | D:7      | Identified the cursed +0 long sword "Heofihad" {venom, -Tele rF+ rC++ SInv} (You found it on level 7 of the Dungeon)
  4300 | D:7      | Reached skill level 6 in Dodging
  4300 | D:7      | Reached skill level 5 in Invocations
  4313 | D:7      | Found a blossoming altar of Fedhas.
  4374 | D:7      | Found a glowing golden altar of the Shining One.
  4721 | D:8      | Found Zoewuow's Antique Armour Shoppe.
  4860 | D:8      | Found Huwenulus's Book Shoppe.
  4893 | D:8      | Found Jodeupsa's Armour Shop.
  4949 | D:8      | Reached skill level 8 in Crossbows
  4997 | D:8      | Gained mutation: You passively map the area around you. [Deep Dwarf growth]
  4997 | D:8      | Reached XP level 9. HP: 74/82 MP: 13/13
  5056 | D:8      | Found Zutz's General Store.
  5085 | D:8      | Bought 21 bolts for 42 gold pieces
  5132 | D:8      | Found a radiant altar of Vehumet.
  5220 | D:7      | Reached skill level 6 in Invocations
  5225 | D:7      | Reached ** piety under Makhleb
  5381 | D:7      | Reached skill level 6 in Fighting
  5483 | D:8      | Reached skill level 7 in Dodging
  5527 | D:8      | Found a shimmering altar of Xom.
  5785 | D:8      | Found Jicuas's Assorted Antiques.
  5798 | D:8      | Identified Sif Muna's Grimoire of Snow and Aid
  5803 | D:8      | Learned a level 2 spell: Repel Missiles
  5968 | D:8      | Reached skill level 7 in Invocations
  5977 | D:8      | Reached skill level 9 in Crossbows
  6345 | D:9      | Reached skill level 1 in Spellcasting
  6345 | D:9      | Reached skill level 1 in Charms
  6345 | D:9      | Reached skill level 1 in Air Magic
  6417 | D:9      | Reached *** piety under Makhleb
  6417 | D:9      | Reached skill level 2 in Charms
  6417 | D:9      | Reached XP level 10. HP: 38/92 MP: 15/15
  6458 | D:9      | Reached skill level 2 in Spellcasting
  6526 | D:9      | Reached skill level 2 in Air Magic
  7018 | D:9      | Gained mutation: You evolve. [potion of beneficial mutation]
  7115 | D:9      | Reached skill level 8 in Invocations
  7152 | D:9      | Reached **** piety under Makhleb
  7214 | D:9      | Reached skill level 7 in Fighting
  7214 | D:9      | Reached skill level 8 in Dodging
  7218 | D:9      | HP: 15/94 [yak (9)]
  7221 | D:9      | HP: 2/94 [yak (13)]
  7299 | D:10     | Entered Level 10 of the Dungeon
  7426 | D:9      | HP: 22/94 [yak (4)]
  7635 | D:10     | Reached skill level 9 in Invocations
  7655 | D:10     | Reached skill level 10 in Crossbows
  7860 | D:10     | Gained mutation: You are partially covered in yellow scales. (AC +2) [evolution]
  7860 | D:10     | Lost mutation: You evolve. [end of evolution]
  7984 | D:8      | Bought a scorched helmet for 275 gold pieces
  7994 | D:8      | Identified the +0 helmet "Curianat" {MP-9 Int+7} (You bought it in a shop on level 8 of the Dungeon)
  8218 | D:10     | Found a staircase to the Lair.
  8278 | D:10     | Reached skill level 1 in Armour
  8302 | D:10     | Found an iron altar of Okawaru.
  8587 | D:10     | Reached XP level 11. HP: 40/100 MP: 7/16
  8831 | Lair:1   | Entered Level 1 of the Lair of Beasts
  8885 | Lair:1   | Reached skill level 2 in Armour
  8898 | Lair:1   | Reached skill level 9 in Dodging
  9096 | Lair:1   | Noticed an oklob plant
  9100 | Lair:1   | Killed an oklob plant
  9100 | Lair:1   | Reached skill level 3 in Armour
  9108 | Lair:1   | Noticed an oklob plant
  9169 | Lair:1   | Reached skill level 8 in Fighting
  9338 | Lair:1   | HP: 20/103 [black mamba (16)]
  9711 | Lair:2   | Reached skill level 4 in Armour
  9721 | Lair:2   | HP: 18/103 [blink frog (9)]
  9729 | Lair:2   | HP: 24/103 [spiny frog (12)]
  9803 | Lair:2   | Reached skill level 11 in Crossbows
  9832 | Lair:2   | Found a labyrinth entrance.
  9841 | Lab      | Entered a labyrinth
 10243 | Lab      | Noticed a minotaur
 10253 | Lab      | Killed a minotaur
 10253 | Lab      | Reached skill level 5 in Armour
 10253 | Lab      | Reached skill level 10 in Dodging
 10342 | Lair:1   | Learned a level 3 spell: Spectral Weapon
 10762 | Lair:2   | Noticed a five-headed hydra
 10768 | Lair:2   | Killed a five-headed hydra
 10768 | Lair:2   | Reached XP level 12. HP: 112/112 MP: 7/18
 11487 | Lair:3   | Noticed Nergalle
 11495 | Lair:3   | Killed Nergalle
 11495 | Lair:3   | Reached skill level 9 in Fighting
 11642 | D:8      | Bought a bone ring for 105 gold pieces
 11918 | Lair:1   | Reached skill level 10 in Invocations
 11999 | Lair:1   | Got a slimy war axe
 12138 | Lair:1   | Identified the +1 war axe of Undoing {drain, rF- rC++ Str+2} (You found it on level 1 of the Lair of Beasts)
 12253 | Lair:3   | Reached skill level 12 in Crossbows
 12416 | Lair:3   | Reached skill level 11 in Dodging
 12568 | Lair:3   | Found a staircase to the Shoals.
 12628 | Lair:3   | Noticed a five-headed hydra
 12646 | Lair:3   | Killed a seven-headed hydra
 13050 | Lair:4   | Noticed a six-headed hydra
 13059 | Lair:4   | Killed a six-headed hydra
 13059 | Lair:4   | Reached skill level 11 in Invocations
 13209 | Lair:4   | Reached skill level 10 in Fighting
 13291 | Lair:4   | Found a staircase to the Snake Pit.
 13348 | Lair:4   | Reached XP level 13. HP: 104/123 MP: 11/20
 13397 | Lair:4   | Reached skill level 13 in Crossbows
 13397 | Lair:4   | Reached skill level 12 in Invocations
 13397 | Lair:4   | Gained mutation: You resist negative energy. (rN+) [Deep Dwarf growth]
 13397 | Lair:4   | Reached XP level 14. HP: 132/132 MP: 11/22
 13414 | Lair:4   | Reached ***** piety under Makhleb
 13672 | Lair:4   | Reached skill level 1 in Axes
 13851 | Lair:5   | Reached skill level 13 in Invocations
 13932 | Lair:5   | Reached skill level 6 in Armour
 14022 | Lair:5   | Reached skill level 2 in Axes
 14205 | Lair:5   | Reached skill level 12 in Dodging
 14311 | Lair:5   | Reached skill level 3 in Axes
 14640 | Lair:6   | Entered Level 6 of the Lair of Beasts
 14645 | Lair:6   | Reached skill level 4 in Axes
 14883 | Lair:6   | Found a staircase to the Slime Pits.
 14883 | Lair:6   | Found a viscous altar of Jiyva.
 14888 | Lair:6   | Reached skill level 5 in Axes
 14967 | Lair:6   | HP: 33/133 [oklob plant/splash of acid (4)]
 15097 | Lair:6   | Reached skill level 6 in Axes
 15119 | Lair:6   | HP: 28/133 [nine-headed hydra (4)]
 15218 | Lair:6   | Reached skill level 7 in Axes
 15627 | Lair:6   | Reached ****** piety under Makhleb
 15916 | Lair:6   | Reached skill level 14 in Invocations
 15926 | Lair:6   | Found a burning altar of Makhleb.
 15960 | Lair:6   | Noticed a cacodemon
 16189 | D:11     | HP: 28/133 [16-headed hydra (6)]
 16595 | D:11     | Reached skill level 15 in Invocations
 17142 | D:11     | Found a staircase to the Orcish Mines.
 17285 | Orc:1    | Entered Level 1 of the Orcish Mines
 17287 | Orc:1    | Noticed Erica
 17321 | Orc:1    | Killed Erica
 17588 | Orc:1    | HP: 7/133 [ettin/dire flail (30)]
 17717 | D:12     | Reached skill level 16 in Invocations
 17820 | D:12     | Reached XP level 15. HP: 59/139 MP: 17/26
 18187 | D:12     | HP: 18/139 [death knight/enchanted broad axe (9)]
 18200 | D:12     | HP: 12/139 [mirror damage (7)]
 18228 | D:11     | HP: 27/139 [skeletal warrior/long sword[a skeletal warrior] (6)]
 18234 | D:11     | HP: 30/139 [skeletal warrior/long sword[a skeletal warrior] (9)]
 18244 | D:11     | HP: 26/139 [skeletal warrior/long sword[a skeletal warrior] (12)]
 18252 | D:11     | HP: 17/139 [skeletal warrior/long sword[a skeletal warrior] (13)]
 18256 | D:11     | Quit the game

Vault maps used:
D:1:      elethiomel_arrival_fortress_basement
D:2:      lemuel_crystal_altar, minmay_misc_feat_five
D:3:      nicolae_xom_altar_mimics
D:4:      overflow_temple_1_default, first_bread, serial_shops, shop
D:5:      lemuel_doored_altar, ashenzari_altar_1,
          gammafunk_temple_overflow_pools, gup_ossuary_entry_pyramid
D:6:      kennysheep_mini
D:7:      tso_altar, fedhas_altar_3, nicolae_dithmenos_the_darkroom
D:8:      marbit_many_paths, vehumet_altar_wand_db, serial_shops, shop,
          shop_statue, nicolae_shop_stone, shop, nicolae_shop_behind_doors
D:9:      grunt_livestock, minmay_joined_circles
D:10:     lair_0_dummy, st_stairs_4, okawaru_metal_pillars_3
D:11:     david_orc_2, hangedman_minor_magic
D:12:     kennysheep_room_grid
Temple:   jpeg_temple_island
Lair:1:   minmay_lair_oklob_tunnel, beast_lair_carwin_3, grunt_megastairs_5
Lair:2:   lab_entry_generic, roderic_batcave, serial_bayou_crossing,
          grunt_megastairs_4, infiniplex_staircase_pool_2, lemuel_fruit_tree
Lair:3:   elwin_shoals_entry_rooms, beast_lair_carwin_7, uniq_nergalle
Lair:4:   disabler_island
Lair:5:   grunt_forest_small_clearings, st_stairs_4, kennysheep_basilisk_garden
Lair:6:   evil_forest, slime_altar_1
Orc:1:    serial_shops, shop, basic_altar, uniq_erica
Lab:      nicolae_lab_lava, nicolae_lab_stuck, lab_statue, nicolae_lab_diamond,
          lab_block, nicolae_lab_starburst, nicolae_lab_hexagon,
          nicolae_lab_plus

Skill      XL: |  1  2  3  4  5  6  7  8  9 10 11 12 13 14 |
---------------+-------------------------------------------+-----
Fighting       | 2 3 4 5 6 7 8 10 | 10.3
Stealth        | 2 3 4 |  4.5
Crossbows      | 5 6 8 9 10 11 12 13 | 13.7
Dodging        | 3 4 5 6 7 8 10 11 12 | 12.0
Invocations    | 1 3 5 7 9 11 12 16 | 16.4
Spellcasting   | 1 2 |  2.3
Charms         | 2 |  2.7
Air Magic      | 1 2 |  2.1
Armour         | 1 5 6 |  6.2
Axes           | 7 |  7.2

Action                   |  1- 3 |  4- 6 |  7- 9 | 10-12 | 13-15 || total
-------------------------+-------+-------+-------+-------+-------++-------
Melee: Short sword       |    36 |    20 |       |       |       ||    56
       Trident           |       |    13 |       |       |       ||    13
       Long sword        |       |       |   221 |    41 |       ||   262
       Arbalest          |       |       |     1 |       |       ||     1
       War axe           |       |       |       |    19 |   504 ||   523
       Broad axe         |       |       |       |       |    31 ||    31
 Fire: Hand crossbow     |    66 |   152 |    50 |       |       ||   268
       Arbalest          |       |       |   192 |   631 |   278 ||  1101
       Blowgun           |       |       |       |       |    10 ||    10
Throw: Javelin           |       |       |       |       |     6 ||     6
       Tomahawk          |       |       |       |       |     5 ||     5
       Throwing net      |       |       |       |       |     1 ||     1
 Cast: Repel Missiles    |       |       |       |     1 |     3 ||     4
Invok: Minor Destruction |       |       |     1 |       |       ||     1
       Lesser Servant of |       |       |       |    10 |     3 ||    13
       Major Destruction |       |       |       |     1 |     3 ||     4
       Greater Servant o |       |       |       |       |     2 ||     2
 Abil: Device Recharging |       |       |       |     1 |       ||     1
Evoke: Wand              |       |     2 |     6 |     5 |    11 ||    24
  Use: Scroll            |       |    20 |     6 |    17 |     6 ||    49
       Potion            |       |       |     1 |     3 |     1 ||     5
 Stab: Sleeping          |       |     1 |     3 |       |     3 ||     7
       Distracted        |       |       |       |       |     1 ||     1
  Eat: Chunk             |     1 |     5 |     7 |    14 |    16 ||    43
       Beef jerky        |       |       |     2 |     4 |     1 ||     7
       Fruit             |       |       |     2 |     3 |     2 ||     7
Armor: Leather armour    |    12 |    14 |    53 |    36 |       ||   115
       Ring mail         |       |       |       |    28 |   179 ||   207
Dodge: Dodged            |    38 |    89 |   418 |   503 |  1022 ||  2070
       Deflected         |       |       |       |     6 |     5 ||    11

Vault maps used:
D:1:      elethiomel_arrival_fortress_basement
D:2:      lemuel_crystal_altar, minmay_misc_feat_five
D:3:      nicolae_xom_altar_mimics
D:4:      overflow_temple_1_default, first_bread, serial_shops, shop
D:5:      lemuel_doored_altar, ashenzari_altar_1,
          gammafunk_temple_overflow_pools, gup_ossuary_entry_pyramid
D:6:      kennysheep_mini
D:7:      tso_altar, fedhas_altar_3, nicolae_dithmenos_the_darkroom
D:8:      marbit_many_paths, vehumet_altar_wand_db, serial_shops, shop,
          shop_statue, nicolae_shop_stone, shop, nicolae_shop_behind_doors
D:9:      grunt_livestock, minmay_joined_circles
D:10:     lair_0_dummy, st_stairs_4, okawaru_metal_pillars_3
D:11:     david_orc_2, hangedman_minor_magic
D:12:     kennysheep_room_grid
Temple:   jpeg_temple_island
Lair:1:   minmay_lair_oklob_tunnel, beast_lair_carwin_3, grunt_megastairs_5
Lair:2:   lab_entry_generic, roderic_batcave, serial_bayou_crossing,
          grunt_megastairs_4, infiniplex_staircase_pool_2, lemuel_fruit_tree
Lair:3:   elwin_shoals_entry_rooms, beast_lair_carwin_7, uniq_nergalle
Lair:4:   disabler_island
Lair:5:   grunt_forest_small_clearings, st_stairs_4, kennysheep_basilisk_garden
Lair:6:   evil_forest, slime_altar_1
Orc:1:    serial_shops, shop, basic_altar, uniq_erica
Lab:      nicolae_lab_lava, nicolae_lab_stuck, lab_statue, nicolae_lab_diamond,
          lab_block, nicolae_lab_starburst, nicolae_lab_hexagon,
          nicolae_lab_plus

Table legend:
 A = Turns spent in this place as a percentage of turns spent in the entire game.
 B = Non-inter-level travel turns spent in this place as a percentage of non-inter-level travel turns spent in the entire game.
 C = Inter-level travel turns spent in this place as a percentage of turns spent in this place.
 D = Turns resting spent in this place as a percentage of non-inter-level travel turns spent in this place.
 E = Turns spent auto-exploring this place as a percentage of non-inter-level travel turns spent in this place.
 F = Non-inter-level travel turns spent in this place divided by the number of levels of this place that you've seen.
                   A       B       C       D       E      F
               +-------+-------+-------+-------+-------+----------------------
         Total | 100.0 | 100.0 |   0.9 |   0.2 |   8.5 | 276.9
       Dungeon |  59.1 |  59.0 |   1.1 |   0.1 |   9.0 | 285.7
        Temple |   0.4 |   0.4 |   0.0 |   0.0 |   0.0 |  21.0
          Lair |  30.5 |  30.5 |   0.8 |   0.5 |  10.1 | 295.7
  Orcish Mines |   2.2 |   2.2 |   0.0 |   0.0 |   3.9 | 127.0
     Labyrinth |   7.9 |   8.0 |   0.0 |   0.0 |   0.0 | 465.0
               +-------+-------+-------+-------+-------+----------------------

Table legend:
 A = Kills in this place as a percentage of kills in entire the game.
 B = Kills by you in this place as a percentage of kills by you in the entire game.
 C = Kills by friends in this place as a percentage of kills by friends in the entire game.
 D = Other kills in this place as a percentage of other kills in the entire game.
 E = Experience gained in this place as a percentage of experience gained in the entire game.
 F = Experience gained in this place divided by the number of levels of this place that you have seen.
                   A       B       C       D       E      F
               +-------+-------+-------+-------+-------+----------------------
         Total | 100.0 | 100.0 | 100.0 |  -nan | 100.0 | 3705.7
       Dungeon |  59.0 |  59.8 |  41.7 |  -nan |  30.2 | 1958.8
          Lair |  36.9 |  37.2 |  29.2 |  -nan |  63.9 | 8289.5
  Orcish Mines |   3.1 |   1.9 |  29.2 |  -nan |   3.5 | 2686.0
     Labyrinth |   1.1 |   1.1 |   0.0 |  -nan |   2.4 | 1891.0
               +-------+-------+-------+-------+-------+----------------------
